 Dungeon Crawl Stone Soup version 0.26.1-11-gd32895ea62 (webtiles) character file.

Game seed: 7571912473039504191

8818 Descartes the Nimble (level 11, -1/102 HPs)
             Began as a Troll Chaos Knight on May 25, 2021.
             Was a Plaything of Xom.
             Slain by an orc warrior
             ... wielding a +0 mace
              (14 damage)
             ... on level 10 of the Dungeon.
             The game lasted 00:25:05 (9903 turns).

Descartes the Nimble (Troll Chaos Knight)           Turns: 9903, Time: 00:25:06

Health: -1/102     AC: 18    Str: 25      XL:     11   Next: 14%
Magic:  20/20      EV: 14    Int: 12      God:    Xom [.....*]
Gold:   526        SH:  0    Dex: 11 (12) Spells: 12/12 levels left

rFire    . . .     SeeInvis +     - Unarmed
rCold    + . .     Faith    .   (no shield)
rNeg     . . .     Spirit   .   B - +1 robe of Ruotzupp {Str+3 Int+2}
rPois    .         Reflect  .   j - +1 hat {SInv}
rElec    .         Harm     .   S - +2 cloak {Will+}
rCorr    .         Rampage  .   (gloves unavailable)
Will     +....     Clarity  +   (boots unavailable)
Stlth    ++........             c - amulet of the acrobat
HPRegen  1.07/turn              F - +4 ring of protection
MPRegen  0.17/turn              C - ring of magical power

@: no status effects
A: large, unfitting armour, claws 3, talons 1, molten scales 1, yellow scales 1,
agile 1, clarity, cold resistance 1, deformed body, deterioration 1,
regeneration 2, shaggy fur 1, tough skin 3, MP-powered wands
a: Renounce Religion


You were on level 10 of the Dungeon.
You worshipped Xom.
You were Xom's teddy bear.
You visited 3 branches of the dungeon, and saw 12 of its levels.
You also visited: Ossuary and Bailey.

You collected 638 gold pieces.
You spent 112 gold pieces at shops.

Inventory:

Hand Weapons
 s - the +1 flail of Eternal Vigilance {pain, Str+2}
   (You found it on level 10 of the Dungeon)

   In the hands of one skilled in necromantic magic, it inflicts extra damage on
   living creatures.
   It affects your strength (+2).
 A - a +3 dagger of chaos
Missiles
 e - 5 throwing nets
 f - 297 stones
 l - 140 sling bullets
 n - 47 boomerangs (quivered)
 t - 12 poisoned darts
 N - 3 curare-tipped darts
 O - 7 javelins
Armour
 j - a +1 hat of see invisible (worn)
 B - the +1 robe of Ruotzupp (worn) {Str+3 Int+2}
   (You found it on level 5 of the Dungeon)

   It affects your strength (+3).
   It affects your intelligence (+2).
 S - a +2 cloak of willpower (worn)
Jewellery
 c - an amulet of the acrobat (around neck)
 C - a ring of magical power (right claw)
 F - a +4 ring of protection (left claw)
 M - an uncursed ring of poison resistance
Wands
 p - a wand of paralysis (4)
 v - a wand of flame (14)
 H - a wand of polymorph (9)
 P - a wand of digging (2)
 R - a wand of acid (7)
Scrolls
 b - 7 scrolls of remove curse
 h - 2 scrolls of fog
 m - a scroll of teleportation
 o - 3 scrolls of amnesia
 u - a scroll of fear
 w - 2 scrolls of enchant weapon
 x - a scroll of enchant armour
 y - a scroll of immolation
 G - 3 scrolls of magic mapping
Potions
 a - a potion of heal wounds {unknown}
 d - 2 potions of berserk rage
 g - 3 potions of might
 i - 2 potions of degeneration
 k - 3 potions of mutation
 q - 2 potions of resistance
 r - 5 potions of curing
 z - 5 potions of flight
 D - 2 potions of cancellation
 E - 3 potions of haste
 I - 3 potions of magic {unknown}
 J - 2 potions of invisibility {unknown}
 K - a potion of lignification {unknown}
 Q - 2 potions of brilliance


   Skills:
 - Level 5.0 Fighting
 - Level 5.0 Throwing
 + Level 9.0 Dodging
 - Level 3.0 Stealth
 + Level 8.4 Unarmed Combat
 + Level 1.1 Spellcasting
 + Level 4.9 Evocations


You had 12 spell levels left.
You didn't know any spells.
Your spell library contained the following spells:

 Spells                   Type           Power        Failure   Level
 Magic Dart               Conj           0%           30%         1
 Blink                    Tloc           N/A          41%         2
 Call Imp                 Summ           0%           41%         2
 Poisonous Vapours        Pois/Air       0%           41%         2
 Slow                     Hex            0%           41%         2
 Conjure Flame            Conj/Fire      0%           65%         3
 Mephitic Cloud           Conj/Pois/Air  0%           65%         3
 Freezing Cloud           Conj/Ice/Air   0%           100%        6


Dungeon Overview and Level Annotations

Branches:
Dungeon (10/15)            Temple (1/1) D:6            Lair (1/6) D:8
Ossuary (visited)          Bailey (visited)
    Orc: D:9-12

Altars:
Ashenzari
Cheibriados
Dithmenos
Elyvilon
Fedhas
Gozag
Hepliaklqana
Kikubaaqudgha
Makhleb
Nemelex Xobeh
Okawaru
Qazlal
Ru
Sif Muna
Trog
Uskayaw
Vehumet
Wu Jian
Xom
Yredelemnul
Zin
The Shining One
Beogh

Shops:
D:4 [::*(   D:5 ([([(   D:6 [   D:8 (


Innate Abilities, Weirdness & Mutations

You are too large for most types of armour.
You have claws for hands.
You heal very quickly.
You are covered in fur. (AC +1)
You have extremely tough skin. (AC +3)
You have sharp toenails.
You are partially covered in molten scales. (AC +2)
You are partially covered in yellow scales. (AC +2)
You are agile. (Dex +2)
You possess an exceptional clarity of mind.
Your flesh is cold resistant. (rC+)
Armour fits poorly on your strangely shaped body.
Your body sometimes deteriorates upon taking damage.
You expend magic power (3 MP) to strengthen your wands.


Message History

You claw the orc!
You kill the orc!
The orc warrior hits you with a +0 mace.
* * * LOW HITPOINT WARNING * * *
The orc warrior hits you from afar with a +0 trident of protection!
* * * LOW HITPOINT WARNING * * *
The orc warrior completely misses you.
The orc hits you from afar with a +0 trident.
* * * LOW HITPOINT WARNING * * *
Xom is mildly amused.
Items here: ))) [[ ††.
You scratch the orc warrior.
You kill the orc warrior!
The orc warrior barely misses you. The orc barely misses you.
You feel your intelligence returning.
Items here: ))) [[ †.
You claw the orc!
You kill the orc!
The orc warrior hits you with a +0 mace!
You die... #..# ###.###### ## #........# .######........# ...(...........### #######..........# #........#$# #..#######o# #..# oooo#@#

##.# o o#o#
#####.#.ooloo.#
#.....#..ooo###
#.....#....o
#.....#....
####....(########
................#
####............#


You could see 2 orc warriors and 3 orcs.

Vanquished Creatures
  Erolcha (D:10)
  Harold (D:9)
  Pikel (D:7)
  Maurice (D:9)
  A cane toad (Lair:1)
  A troll (D:10)
  Grinder (D:6)
  A hog (shapeshifter) (D:9)
  Grum (D:10)
  2 humans (D:8)
  11 orc warriors
  3 sky beasts
  A black bear (D:5)
  2 ice beasts
  8 ogres
  3 phantoms
  3 centaurs
  2 wolves (D:10)
  A lemure (D:7)
  A big kobold (D:9)
  5 bullfrogs
  2 scorpions
  12 wights (D:8)
  3 centaur zombies
  A hound (D:5)
  A gnoll shaman (D:6)
  4 orc priests
  Crazy Yiuf (D:6)
  4 bullfrog skeletons
  2 jellies
  5 orc wizards
  An iron imp (D:5)
  A human zombie (Ossuary)
  2 iguanas
  7 worker ants
  A big kobold zombie (Ossuary)
  A hound skeleton (D:4)
  2 hound zombies (Ossuary)
  4 mummies (Ossuary)
  A worker ant zombie (D:6)
  A howler monkey skeleton (D:4)
  8 gnolls
  11 adders
  3 shadow imps
  5 ufetubi
  An adder zombie (D:8)
  An adder skeleton (D:4)
  7 worms
  3 dart slugs
  5 leopard geckos
  49 orcs
  2 ball pythons
  7 giant cockroaches
  13 hobgoblins
  5 jackals
  4 quokkas
  4 bats
  7 frilled lizards
  A gnoll zombie (Ossuary)
  11 goblins
  2 goblin zombies (Ossuary)
  2 jackal zombies (Ossuary)
  27 kobolds
  A kobold zombie (Ossuary)
  2 quokka skeletons
  9 rats
  2 rat zombies (Ossuary)
299 creatures vanquished.

Notes
Turn   | Place    | Note
-------+----------+-------------------------------------------
     0 | D:1      | Descartes the Troll Chaos Knight began the quest for the
                  | Orb.
     0 | D:1      | Reached XP level 1. HP: 22/22 MP: 0/0
    54 | D:1      | Reached skill level 2 in Dodging
    80 | D:1      | Reached XP level 2. HP: 21/29 MP: 1/1
   205 | D:1      | XOM: divination: magic mapping
   767 | D:1      | Reached XP level 3. HP: 36/36 MP: 2/2
   793 | D:1      | XOM: noise
   965 | D:2      | XOM is BORED!
   965 | D:2      | XOM: 3-stop teleportation journey
   966 | D:2      | Found an opulent altar of Gozag.
   973 | D:2      | Reached XP level 4. HP: 44/44 MP: 3/3
  1131 | D:2      | XOM: blink monster(s)
  1256 | D:2      | XOM: stat loss: -1 Dex (8/9)
  1259 | D:2      | XOM is BORED!
  1396 | D:2      | Found a hide-covered altar of Uskayaw.
  1396 | D:2      | Found an ornate altar of the Wu Jian Council.
  1626 | D:3      | Reached XP level 5. HP: 36/52 MP: 4/4
  1958 | D:3      | XOM: 3-stop teleportation journey
  1995 | D:3      | Reached skill level 5 in Unarmed Combat
  2238 | D:3      | XOM: noise
  2309 | D:3      | Found a glowing silver altar of Zin.
  2436 | D:4      | Reached skill level 3 in Dodging
  2454 | D:4      | XOM: potion effect (curing)
  2550 | D:4      | Found Xydoh's Antique Weapon Shoppe.
  2560 | D:4      | XOM: blink monster(s)
  2606 | D:4      | Found Comyv's Assorted Antiques.
  2613 | D:4      | Bought a scroll labelled TAUPTOPHODO for 20 gold pieces
  2613 | D:4      | Bought a runed robe for 74 gold pieces
  2613 | D:4      | Bought an emerald potion for 18 gold pieces
  2653 | D:4      | Found Todoefin's Book Emporium.
  2666 | D:4      | Found Efayrui's Armour Boutique.
  2678 | D:4      | XOM: 2-stop teleportation journey
  2679 | D:4      | Noticed an ogre
  2684 | D:4      | Killed an ogre
  2685 | D:4      | Reached XP level 6. HP: 51/61 MP: 5/5
  2715 | D:4      | XOM: scenery: create altars
  2719 | D:4      | Reached skill level 4 in Dodging
  2719 | D:4      | Reached skill level 1 in Stealth
  2731 | D:4      | Found Tiomp's Book Emporium.
  2823 | D:4      | XOM: give mutations
  2823 | D:4      | Gained mutation: You possess an exceptional clarity of
                  | mind. [Xom's grace]
  2823 | D:4      | Gained mutation: You expend magic power (3 MP) to
                  | strengthen your wands. [Xom's grace]
  2823 | D:4      | Gained mutation: You have sharp toenails. [Xom's grace]
  3204 | D:4      | Found a burning altar of Makhleb.
  3206 | D:4      | Noticed a blizzard demon
  3211 | D:4      | Noticed an orange demon
  3211 | D:4      | Noticed a neqoxec
  3232 | D:5      | Entered Level 5 of the Dungeon
  3303 | D:5      | Found Aschuoro's Antique Armour Shop.
  3316 | D:5      | Got a faintly humming robe
  3327 | D:5      | Identified the +1 robe of Ruotzupp {Str+3 Int+2} (You found
                  | it on level 5 of the Dungeon)
  3344 | D:5      | Found a snail-covered altar of Cheibriados.
  3349 | D:5      | Reached XP level 7. HP: 67/67 MP: 6/6
  3377 | D:5      | Found Copn's Weapon Boutique.
  3473 | D:5      | Found Niegreaq's Armour Emporium.
  3479 | D:5      | Found Izugh's Weapon Emporium.
  3529 | D:5      | Found a blossoming altar of Fedhas.
  3579 | D:5      | XOM: noise
  3581 | D:5      | XOM: blink monster(s)
  3833 | D:5      | XOM: give mutations
  3833 | D:5      | Gained mutation: You have supernaturally acute eyesight.
                  | (SInv) [Xom's mischief]
  3833 | D:5      | Lost mutation: You have supernaturally acute eyesight.
                  | (SInv) [Xom's mischief]
  3833 | D:5      | Gained mutation: Armour fits poorly on your strangely
                  | shaped body. [Xom's mischief]
  3833 | D:5      | Gained mutation: You are dopey. (Int -2) [Xom's mischief]
  3845 | D:5      | Found Muxioxip's Antique Weapon Shop.
  3874 | D:5      | Reached skill level 5 in Dodging
  3939 | D:5      | XOM: god gift: runed rapier {god gift}
  3941 | D:5      | XOM: draining
  4129 | D:6      | XOM: smoke on damage
  4143 | D:6      | Reached XP level 8. HP: 61/74 MP: 7/7
  4202 | D:6      | Found a staircase to the Ecumenical Temple.
  4301 | Temple   | Entered the Ecumenical Temple
  4447 | Temple   | XOM: noise
  4552 | D:6      | Noticed Grinder
  4570 | D:6      | Killed Grinder
  4571 | D:6      | Reached skill level 6 in Dodging
  4696 | D:6      | Found a runed translucent door.
  4697 | D:6      | Noticed Crazy Yiuf
  4708 | D:6      | XOM: summons 5 hostile demons
  4731 | D:6      | Killed Crazy Yiuf
  4740 | D:6      | Reached skill level 5 in Fighting
  4745 | D:6      | XOM is BORED!
  4745 | D:6      | XOM: noise
  4868 | D:6      | Found a shimmering blue altar of Sif Muna.
  4868 | D:6      | Found a hazy altar of Hepliaklqana.
  5056 | D:6      | Found Keafuz's Armour Boutique.
  5170 | D:6      | XOM: confuse monster(s)
  5241 | D:6      | XOM: give mutations
  5241 | D:6      | Gained mutation: Your spells are a little harder to cast,
                  | but a little more powerful. [Xom's grace]
  5241 | D:6      | Gained mutation: You are partially covered in yellow
                  | scales. (AC +2) [Xom's grace]
  5241 | D:6      | Gained mutation: You heal very quickly. [Xom's grace]
  5553 | D:7      | Found a flagged portal.
  5562 | Bailey   | Entered a bailey
  5622 | Bailey   | Reached skill level 7 in Dodging
  5691 | Bailey   | XOM: 2-stop teleportation journey
  5697 | Bailey   | Reached XP level 9. HP: 87/88 MP: 6/8
  5841 | Bailey   | XOM: polymorph goblin -> leopard gecko
  5847 | Bailey   | Reached skill level 1 in Throwing
  5847 | Bailey   | Reached skill level 1 in Evocations
  6227 | D:7      | Noticed Pikel
  6235 | D:7      | XOM: divination: detect items
  6240 | D:7      | Killed Pikel
  6449 | D:7      | You fall into a shaft and drop 2 floors!
  6515 | D:8      | Found an iron altar of Okawaru.
  6521 | D:8      | XOM: scenery: create altars
  6525 | D:8      | XOM: cast spell 'Statue Form'
  6542 | D:8      | XOM is BORED!
  6542 | D:8      | XOM: give mutations
  6542 | D:8      | Lost mutation: You are dopey. (Int -2) [Xom's mischief]
  6542 | D:8      | Gained mutation: You are agile. (Dex +2) [Xom's mischief]
  6542 | D:8      | Gained mutation: You are frail. (-10% HP) [Xom's mischief]
  6542 | D:8      | Lost mutation: You expend magic power (3 MP) to strengthen
                  | your wands. [Xom's mischief]
  6544 | D:8      | XOM: cloud trail
  6562 | D:8      | XOM: cast spell 'Death Channel'
  6706 | D:8      | Reached XP level 10. HP: 72/86 MP: 9/9
  6722 | D:8      | XOM: chaos upgrade
  6794 | D:8      | Found a white marble altar of Elyvilon.
  6890 | D:8      | Found Olocel Nyhu's Antique Weapon Emporium.
  6901 | D:8      | Found a sand-covered staircase.
  6927 | Ossuary  | Entered an ossuary
  6935 | Ossuary  | Reached skill level 8 in Dodging
  7031 | Ossuary  | XOM: enchant monster (bad)
  7150 | D:8      | XOM: potion effect (might)
  7213 | D:8      | XOM: summons 4 hostile shadow creatures
  7239 | D:8      | XOM: give mutation
  7239 | D:8      | Gained mutation: You are very agile. (Dex +4) [Xom's grace]
  7403 | D:8      | Found a staircase to the Lair.
  7648 | D:8      | Found a glowing golden altar of the Shining One.
  8278 | Lair:1   | Entered Level 1 of the Lair of Beasts
  8281 | Lair:1   | Noticed a cane toad
  8285 | Lair:1   | Killed a cane toad
  8296 | Lair:1   | Noticed a seven-headed hydra
  8378 | D:9      | Noticed Harold
  8388 | D:9      | XOM: enchant monster (good)
  8392 | D:9      | Killed Harold
  8438 | D:9      | XOM: divination: magic mapping
  8546 | D:9      | Reached skill level 5 in Throwing
  8557 | D:9      | Noticed Gastronok
  8611 | D:9      | XOM: divination: magic mapping
  8614 | D:9      | XOM: butterfly on damage
  8615 | D:9      | XOM: 1-stop teleportation journey
  8670 | D:9      | Noticed Maurice
  8681 | D:9      | Killed Maurice
  8727 | D:9      | XOM: summons 6 hostile demons
  8728 | D:9      | Noticed a sun demon
  8728 | D:9      | Noticed an orange demon
  8786 | D:9      | XOM: give mutations
  8786 | D:9      | Lost mutation: You are frail. (-10% HP) [Xom's mischief]
  8786 | D:9      | Gained mutation: Your body sometimes deteriorates upon
                  | taking damage. [Xom's mischief]
  8786 | D:9      | Lost mutation: You are very agile. (Dex +4) [Xom's
                  | mischief]
  8786 | D:9      | Lost mutation: Your spells are a little harder to cast, but
                  | a little more powerful. [Xom's mischief]
  8829 | D:9      | XOM: summons 2 hostile shadow creatures
  8848 | D:9      | Gastronok changed into Gastronok the shapeshifter
  8848 | D:9      | XOM: polymorph Gastronok -> Gastronok the shapeshifter
  8848 | D:9      | Noticed Gastronok
  8848 | D:9      | Gastronok the shapeshifter changed into Gastronok the harpy
  8854 | D:9      | XOM: summons 3 hostile shadow creatures
  8875 | D:9      | Gastronok the harpy changed into Gastronok the hornet
  8939 | D:9      | XOM: scenery: create altars
  8954 | D:9      | XOM: give mutation
  8954 | D:9      | Gained mutation: Your flesh is cold resistant. (rC+) [Xom's
                  | grace]
  8967 | D:9      | XOM: divination: detect items
  9023 | D:9      | Found a stormy altar of Qazlal.
  9246 | D:10     | Entered Level 10 of the Dungeon
  9269 | D:10     | Noticed Grum
  9270 | D:10     | Noticed Erolcha
  9274 | D:10     | XOM: smoke on damage
  9288 | D:10     | XOM: 3-stop teleportation journey
  9338 | D:10     | XOM: give mutations
  9338 | D:10     | Gained mutation: You are partially covered in molten
                  | scales. (AC +2) [Xom's grace]
  9338 | D:10     | Gained mutation: You expend magic power (3 MP) to
                  | strengthen your wands. [Xom's grace]
  9343 | D:10     | XOM: divination: detect items
  9345 | D:10     | Got a transparent flail
  9346 | D:10     | Identified the cursed +1 flail of Eternal Vigilance {pain,
                  | Str+2} (You found it on level 10 of the Dungeon)
  9423 | D:10     | XOM: divination: detect creatures
  9498 | D:10     | Killed Erolcha
  9499 | D:10     | Reached XP level 11. HP: 102/102 MP: 9/11
  9507 | D:10     | XOM: 1-stop teleportation journey
  9518 | D:10     | Killed Grum
  9569 | D:10     | Reached skill level 9 in Dodging
  9605 | D:10     | XOM: divination: magic mapping
  9614 | D:10     | Reached skill level 1 in Spellcasting
  9635 | D:10     | XOM: god gift: glowing gilded ring {god gift}
  9858 | D:10     | Found a roughly hewn altar of Beogh.
  9882 | D:10     | XOM: polymorph orc -> frilled lizard
  9903 | D:10     | Slain by an orc warrior

Illustrated notes

Levels and vault maps discovered:
D:1:      minmay_arrival_solitary_statue, layout_basic
D:2:      layout_basic, lemuel_round_altar, gammafunk_temple_overflow_elements
D:3:      layout_basic, lemuel_coloured_pillars_altar
D:4:      layout_loops_ring, makhleb_altar_promises_db, serial_shops, shop,
          nicolae_shop_crystal, nicolae_shop_waterfront,
          nicolae_shop_waterfront, shop_fountains
D:5:      black_bear_nest_1, layout_basic, slow_altar_2, lemuel_crystal_altar,
          serial_shops, nicolae_shop_statue_plus, shop, nicolae_shop_stone,
          nicolae_shop_waterfront, shop_fountains
D:6:      layout_loops_corners, amethyst_overflow_temple_binary, temple_green,
          serial_shops, shop_fountains, minmay_diced_spiral, uniq_grinder,
          uniq_crazy_yiuf_cottage
D:7:      layout_basic, enter_bailey_8, uniq_pikel
D:8:      layout_loops_corners, okawaru_humans, elyvilon_altar_3,
          lemuel_round_altar, lair_entry_dummy,
          nicolae_ossuary_entry_false_entrances, serial_shops, shop
D:9:      layout_roguey, nicolae_qazlal_eye_of_the_storm, uniq_harold,
          uniq_gastronok, uniq_maurice
D:10:     layout_roguey, special_room [special_room_orc], uniq_grum,
          uniq_erolcha
Temple:   compressed_dpeg_triangle_lava_temple
Lair:1:   layout_cave_pods, disabler_island

Skill      XL: |  1  2  3  4  5  6  7  8  9 10 11 |
---------------+----------------------------------+-----
Dodging        | 2 3 4 5 7 8 9 |  9.0
Unarmed Combat | 4 5 6 8 |  8.4
Fighting       | 3 4 5 |  5.0
Stealth        | 1 2 3 |  3.0
Throwing       | 3 5 |  5.0
Evocations     | 3 4 |  4.9
Spellcasting   | 1 |  1.1

Action                   |  1- 3 |  4- 6 |  7- 9 | 10-12 || total
-------------------------+-------+-------+-------+-------++-------
Melee: Unarmed           |   119 |   166 |   312 |   352 ||   949
       Punch             |     1 |     3 |     5 |     9 ||    18
       Kick              |       |     4 |    81 |   138 ||   223
Throw: Boomerang         |       |       |     2 |       ||     2
Evoke: Wand              |       |       |     2 |       ||     2
  Use: Scroll            |       |     2 |    14 |    12 ||    28
       Potion            |       |       |     1 |     3 ||     4
 Stab: Confused          |       |       |     2 |       ||     2
       Sleeping          |       |       |     1 |     9 ||    10
       Paralysed         |       |       |       |     4 ||     4
Armor: Robe              |    58 |    35 |    79 |   115 ||   287
       Skin              |       |       |    21 |       ||    21
Dodge: Dodged            |    69 |    98 |   228 |   276 ||   671
